 Dungeon Crawl Stone Soup version 0.23.1 (webtiles) character file.

Game seed: 7630043366720032902

6645 Irenicus the Earth Mage (level 10, -2/75 HPs)
             Began as a Deep Dwarf Earth Elementalist on Mar 12, 2019.
             Was a Priest of Makhleb.
             Slain by a two-headed ogre
             ... wielding a +0 giant club
              (7 damage)
             ... on level 10 of the Dungeon.
             The game lasted 00:28:28 (4535 turns).

Irenicus the Earth Mage (DDEE)                      Turns: 4535, Time: 00:28:29

Health: -2/75      AC: 17    Str: 16    XL:     10   Next: 72%
Magic:  1/11       EV: 10    Int: 23    God:    Makhleb [***...]
Gold:   358        SH:  0    Dex: 20    Spells: 2/14 levels left

rFire    . . .     SeeInvis .   I - +1 dagger (vamp) {!w}
rCold    . . .     Gourm    .   (no shield)
rNeg     + . .     Faith    .   w - +1 scale mail of Dim Light {rN+ Int+2 Dex+7}
rPois    .         Spirit   .   (no helmet)
rElec    .         Reflect  .   D - +0 cloak
rCorr    .         Harm     .   B - +2 pair of gloves
MR       +....     Rnd*Rage +   H - +0 pair of boots
Stlth    +.........             (no amulet)
HPRegen  0.00/turn              E - +4 ring of strength
MPRegen  0.12/turn              i - +5 ring of protection

@: non-regenerating
A: damage resistance, heal wounds, berserk 1, clever 1, sense surroundings 2, no
regeneration
a: Heal Wounds, Minor Destruction, Lesser Servant of Makhleb, Renounce Religion


You were on level 10 of the Dungeon.
You worshipped Makhleb.
Makhleb was most pleased with you.
You were not hungry.

You visited 1 branch of the dungeon, and saw 10 of its levels.

You collected 358 gold pieces.

Inventory:

Hand Weapons
 k - a +1 dagger of pain
   (You found it on level 1 of the Dungeon)
 r - a +2 dagger of electrocution
   (You took it off an orc wizard on level 2 of the Dungeon)
 v - a +1 dagger of draining
   (You found it on level 4 of the Dungeon)
 I - a +1 vampiric dagger (weapon) {!w}
   (You took it off an orc wizard on level 10 of the Dungeon)
Missiles
 b - 153 stones (quivered)
Armour
 w - the +1 scale mail of Dim Light (worn) {rN+ Int+2 Dex+7}
   (You found it on level 4 of the Dungeon)

   It affects your intelligence (+2).
   It affects your dexterity (+7).
   It protects you from negative energy.
 B - a +2 pair of gloves (worn)
   (You found it on level 8 of the Dungeon)
 D - a +0 cloak (worn)
   (You found it on level 7 of the Dungeon)
 H - a +0 pair of boots (worn)
   (You found it on level 8 of the Dungeon)
Jewellery
 f - an uncursed ring of fire {rF+, rC-}
   (You found it on level 3 of the Dungeon)
 i - a +5 ring of protection (right hand)
   (You found it on level 1 of the Dungeon)
 C - an uncursed ring of protection from magic {MR+, !d}
   (You found it on level 7 of the Dungeon)
 E - a +4 ring of strength (left hand)
   (You found it on level 7 of the Dungeon)
Wands
 u - a wand of enslavement (5)
   (You found it on level 4 of the Dungeon)
 y - a wand of acid (10)
   (You found it on level 4 of the Dungeon)
 z - a wand of iceblast (17)
   (You found it on level 5 of the Dungeon)
Scrolls
 c - a scroll of fear {unknown}
 e - 9 scrolls of identify
 j - 3 scrolls of remove curse
 m - a scroll of enchant weapon {unknown}
 n - 3 scrolls of immolation {unknown}
 o - a scroll of amnesia {unknown}
 p - 3 scrolls of enchant armour {unknown}
 s - a scroll of teleportation {unknown}
 x - 3 scrolls of magic mapping {unknown}
 F - a scroll of random uselessness {unknown}
 J - a scroll of silence
Potions
 a - a potion of flight
 g - 2 potions of might
 l - 3 potions of agility
 q - a potion of heal wounds
 t - a potion of curing
 A - a potion of berserk rage {unknown}
 G - a potion of degeneration {unknown}
Comestibles
 d - 15 rations


   Skills:
 - Level 2.1 Dodging
 + Level 3.1 Stealth
 + Level 2.5 Spellcasting
 * Level 2.0 Transmutations
 - Level 19.2 Earth Magic


You had 2 spell levels left.
You knew the following spells:

 Your Spells              Type           Power        Failure   Level  Hunger
a - Sandblast             Erth           ######       1%          1    None
c - Petrify               Tmut/Erth      ######..     6%          4    ####...
w - Passwall              Tmut/Erth      ######..     1%          2    ##.....
z - Lee's Rapid Deconstr  Erth           ######....   1%          5    ######.

Your spell library contained the following spells:

 Spells                   Type           Power        Failure   Level  Hunger
 Confusing Touch          Hex            #.....       43%         1    None
 Stone Arrow              Conj/Erth      #####.       2%          3    ###....
 Bolt of Magma            Conj/Fire/Erth ####......   67%         5    ######.
 Confuse                  Hex            #.......     80%         3    ###....
 Gell's Gravitas          Tloc           #.........   80%         3    ###....
 Iron Shot                Conj/Erth      #####.....   80%         6    #######
 Iskenderun's Battlesphe  Conj/Chrm      #.......     100%        5    ######.
 Metabolic Englaciation   Hex/Ice        #.........   100%        5    ######.
 Venom Bolt               Conj/Pois      #.........   100%        5    ######.
 Yara's Violent Unravell  Hex/Tmut       #.........   100%        5    ######.
 Orb of Destruction       Conj           #.........   100%        7    #######
 Spellforged Servitor     Conj/Summ      #.........   100%        7    #######


Dungeon Overview and Level Annotations

Branches:
Dungeon (9/15)             Temple (0/1) D:7            Lair (0/6) D:9
    Orc: D:9-12

Altars:
Ashenzari
Dithmenos
Hepliaklqana
Makhleb
Nemelex Xobeh
Trog
Vehumet
Wu Jian

Shops:
D:5 (   D:7 ??=


Innate Abilities, Weirdness & Mutations

You are resistant to damage.
You can heal yourself by infusing magical energy.
You passively map the area around you.
You do not regenerate.
You tend to lose your temper in combat.
Your mind is acute. (Int +2)


Message History

b - 154 stones Something hits you but does no damage.
The centaur warrior skeleton hits you.
You hear some strange, mumbled words.
A puff of flame appears from out of thin air!
The puff of flame hits you! The orc hits you but does no damage.
You take 6 damage, and have 26/75 hp.
You now have 0/11 mp.
You don't have enough magic to cast that spell.
Unknown command.
You hit the centaur warrior skeleton.
The centaur warrior skeleton hits you but does no damage.
Something hits you but does no damage.
The centaur warrior skeleton hits you but does no damage.
The orc misses you.
You hit the centaur warrior skeleton. Something hits you but does no damage.
The orc hits you but does no damage.
The centaur warrior skeleton hits you but does no damage.
Something hits you but does no damage.
You hit the centaur warrior skeleton. Something hits you but does no damage.
The orc barely misses you.
The centaur warrior skeleton hits you but does no damage.
The orc closely misses you. The orc barely misses you.
You hit the centaur warrior skeleton. Something hits you but does no damage.
The centaur warrior skeleton misses you.
The orc closely misses you. The orc hits you but does no damage. x2
You hear some strange, mumbled words.
A puff of frost appears from out of thin air!
The puff of frost misses you.
The puff of frost hits the orc!
The orc dies!
The centaur warrior skeleton hits you but does no damage.
You hit the centaur warrior skeleton.
You destroy the centaur warrior skeleton!
Makhleb accepts your kill.
You can now summon a lesser servant of Makhleb.
Your Stealth skill increases to level 3!
Your Transmutations skill increases to level 2!
Something hits you but does no damage. The orc closely misses you.
The orc hits you but does no damage. x2
Something hits you but does no damage. x2
The orc barely misses you.
You completely miss the orc. Something hits you but does no damage.
You hit the orc.
You feel better. The orc closely misses you.
Something hits you but does no damage.
You regained 2 hp, and now have 28/75 hp.
You hit the orc but do no damage. Something hits you but does no damage.
The orc barely misses you. The orc hits you but does no damage.
Something hits you but does no damage.
You barely miss the orc. Something hits you.
The orc hits you but does no damage. The orc misses you.
The orc barely misses you. The orc hits you but does no damage.
Something hits you but does no damage.
You see here a leopard gecko corpse.
You hit the orc but do no damage. Something hits you but does no damage.
Items here: ))) [[ † a +0 flail; a +0 ring mail; a +0 dagger; a +0 glaive; a +0 chain mail an orc corpse You closely miss the orc.
You eat one of the 16 rations.
That ration really hit the spot!
You feel a little less clever now.
Aim: a two-headed ogre, wielding two +0 giant clubs (chance to defeat MR: 56%)
The two-headed ogre resists with significant effort.
The two-headed ogre hits you but does no damage.
The two-headed ogre hits you with a +0 giant club!
* * * LOW HITPOINT WARNING * * *
You take 10 damage, and have 18/75 hp.
You now have 0/11 mp.
You see here 29 stones.
A crimson imp comes into view.
The crimson imp blinks!
Aim: a two-headed ogre, wielding two +0 giant clubs The mass of ice explodes!
The iceblast engulfs the two-headed ogre!
The iceblast engulfs the orc!
You kill the orc!
Makhleb accepts your kill.
You hear a shout!
You hear an angry hiss.
A centaur comes into view.
The crimson imp closely misses you.
The bolt of acid hits the two-headed ogre!
The two-headed ogre is splashed with acid.
The acid corrodes the two-headed ogre!
The bolt of acid hits the orc!
The orc is splashed with acid!
The acid corrodes the orc!
You kill the orc!
Makhleb accepts your kill. The two-headed ogre barely misses you.
The two-headed ogre closely misses you.
The crimson imp hits you but does no damage.
The bolt of acid hits the two-headed ogre.
The two-headed ogre is splashed with acid!
The acid corrodes the two-headed ogre!
The two-headed ogre hits you with a +0 giant club!
* * * LOW HITPOINT WARNING * * *
The two-headed ogre closely misses you.
The crimson imp hits you but does no damage.
You take 11 damage, and have 7/75 hp.
The blast of sand hits the two-headed ogre!
b - 153 stones The crimson imp barely misses you.
The two-headed ogre hits you with a +0 giant club.
* * * LOW HITPOINT WARNING * * *
The two-headed ogre hits you with a +0 giant club!
You die...

..........## ,
..........# ,
..........# *
.......o..# *** ,,
#.........# * ,,
#.........# * . ,, ,
##.......(# ##...,, , ,
##..##..o########......
,
#####....o)o.O@5c.....
, < ,
##......#####..... ,
#.##...# ..., ,,
#.#?..## *** . *
#.##### , #.# * *,, #.
** , ,


You could see a two-headed ogre, a centaur, an orc wizard, a crimson imp and 2
orcs.

Vanquished Creatures
  Erolcha (D:9)
  A two-headed ogre (D:8)
  Joseph (D:7)
  Psyche (D:9)
  A hornet (D:8)
  A hippogriff (D:8)
  3 yaks (D:10)
  Grum (D:9)
  3 ice beasts
  4 sky beasts
  5 orc warriors
  2 ogres
  2 phantoms (D:5)
  4 wolves (D:9)
  2 centaurs
  3 bullfrogs
  A water moccasin zombie (D:5)
  A wyvern zombie (D:7)
  4 wights (D:9)
  A howler monkey (D:4)
  2 crimson imps (D:5)
  A quasit (D:8)
  2 hounds
  2 bullfrog skeletons
  2 jellies
  4 orc priests
  2 centaur skeletons
  An iguana (D:6)
  6 orc wizards
  5 worker ants
  8 gnolls
  A howler monkey skeleton (D:6)
  11 adders
  A white imp (D:7)
  An ooze (D:2)
  An adder skeleton (D:6)
  An adder zombie (D:8)
  3 worms
  3 dart slugs
  7 leopard geckos
  16 orcs
  2 ball pythons
  A bat (D:2)
  5 giant cockroaches
  A goblin (D:2)
  3 hobgoblins
  8 jackals
  A quokka (D:5)
  A frilled lizard (D:3)
  A giant cockroach zombie (D:5)
  6 kobolds
  9 rats
160 creatures vanquished.

Vanquished Creatures (collateral kills)
  A crimson imp (D:10)
1 creature vanquished.

Vanquished Creatures (others)
  An orc (D:10)
1 creature vanquished.

Grand Total: 162 creatures vanquished

Notes
Turn   | Place    | Note
-------+----------+-------------------------------------------
     0 | D:1      | Irenicus the Deep Dwarf Earth Elementalist began the quest
                  | for the Orb.
     0 | D:1      | Reached XP level 1. HP: 15/15 MP: 3/3
   163 | D:1      | Reached skill level 2 in Spellcasting
   258 | D:1      | Reached XP level 2. HP: 19/22 MP: 1/5
   315 | D:1      | Learned a level 2 spell: Passwall
   707 | D:2      | Reached skill level 5 in Earth Magic
   759 | D:2      | Reached XP level 3. HP: 24/28 MP: 2/6
   821 | D:2      | Reached skill level 6 in Earth Magic
   839 | D:2      | Reached XP level 4. HP: 33/36 MP: 0/7
  1250 | D:2      | Reached skill level 7 in Earth Magic
  1322 | D:2      | Noticed an orc warrior
  1324 | D:2      | Reached XP level 5. HP: 27/42 MP: 1/8
  1331 | D:2      | HP: 7/42 [orc warrior/+0 hand axe (20)]
  1406 | D:2      | HP: 10/42 [orc warrior/+0 hand axe (3)]
  1410 | D:2      | Killed an orc warrior
  1410 | D:2      | Reached skill level 8 in Earth Magic
  1462 | D:2      | HP: 9/42 [kobold/stone (1)]
  1464 | D:2      | Reached XP level 6. HP: 11/49 MP: 4/9
  1625 | D:4      | Reached skill level 9 in Earth Magic
  1731 | D:3      | Found a shattered altar of Ashenzari.
  1732 | D:3      | Found a burning altar of Makhleb.
  1737 | D:3      | Found a shadowy altar of Dithmenos.
  1741 | D:3      | Became a worshipper of Makhleb the Destroyer
  2000 | D:4      | Got an ancient scale mail
  2010 | D:4      | Found a shadowy altar of Dithmenos.
  2052 | D:5      | Entered Level 5 of the Dungeon
  2055 | D:5      | HP: 10/49 [jackal (1)]
  2062 | D:5      | HP: 9/49 [quokka (1)]
  2088 | D:5      | HP: 6/49 [bullfrog skeleton (3)]
  2106 | D:5      | Noticed a sky beast
  2115 | D:5      | Killed a sky beast
  2115 | D:5      | Reached skill level 10 in Earth Magic
  2115 | D:5      | Reached XP level 7. HP: 30/55 MP: 1/9
  2144 | D:5      | HP: 12/55 [centaur/arrow (3)]
  2150 | D:5      | Reached skill level 11 in Earth Magic
  2175 | D:5      | Identified the +1 scale mail of Dim Light {rN+ Int+2 Dex+7}
                  | (You found it on level 4 of the Dungeon)
  2178 | D:5      | HP: 10/55 [phantom (1)]
  2201 | D:5      | Reached skill level 12 in Earth Magic
  2206 | D:5      | Reached * piety under Makhleb
  2234 | D:5      | Found an ornate altar of the Wu Jian Council.
  2275 | D:5      | HP: 5/55 [crimson imp (1)]
  2277 | D:5      | Reached XP level 8. HP: 6/62 MP: 4/10
  2297 | D:5      | Found a hazy altar of Hepliaklqana.
  2297 | D:5      | Found a sparkling altar of Nemelex Xobeh.
  2394 | D:5      | Found a radiant altar of Vehumet.
  2444 | D:5      | Found Fuojifoq's Weapon Shoppe.
  2547 | D:6      | Reached skill level 13 in Earth Magic
  2704 | D:6      | Found a sparkling altar of Nemelex Xobeh.
  3003 | D:6      | You fall through a shaft!
  3003 | D:7      | Found Zifituof's Jewellery Shoppe.
  3003 | D:7      | Found Jam Fuz's Magic Scroll Shoppe.
  3005 | D:7      | Found Xicin's Magic Scroll Shoppe.
  3044 | D:7      | Found a staircase to the Ecumenical Temple.
  3088 | D:7      | HP: 11/62 [orc warrior/+0 battleaxe (17)]
  3092 | D:7      | Reached skill level 14 in Earth Magic
  3141 | D:7      | HP: 5/62 [centaur/arrow (1)]
  3170 | D:7      | Gained mutation: You tend to lose your temper in combat.
                  | [potion of mutation]
  3170 | D:7      | Gained mutation: Your mind is acute. (Int +2) [potion of
                  | mutation]
  3225 | D:7      | Noticed Joseph
  3240 | D:7      | Killed Joseph
  3240 | D:7      | Reached skill level 15 in Earth Magic
  3240 | D:7      | Gained mutation: You passively map the area around you.
                  | [Deep Dwarf growth]
  3240 | D:7      | Reached XP level 9. HP: 39/68 MP: 10/10
  3370 | D:8      | Reached ** piety under Makhleb
  3476 | D:8      | Noticed a two-headed ogre
  3485 | D:8      | Killed a two-headed ogre
  3485 | D:8      | Reached skill level 16 in Earth Magic
  3535 | D:8      | Paralysed by a hornet for 1 turns
  3536 | D:8      | HP: 25/102 [poisoned by a hornet]
  3537 | D:8      | Reached skill level 17 in Earth Magic
  3566 | D:8      | Found a bloodstained altar of Trog.
  3775 | D:9      | Noticed Grum
  3779 | D:9      | Reached XP level 10. HP: 27/75 MP: 6/11
  3786 | D:9      | Killed Grum
  3893 | D:9      | Found a staircase to the Lair.
  4009 | D:9      | Learned a level 5 spell: Lee's Rapid Deconstruction
  4050 | D:9      | Noticed Erolcha
  4054 | D:9      | Killed Erolcha
  4054 | D:9      | Reached skill level 18 in Earth Magic
  4124 | D:9      | Noticed Psyche
  4129 | D:9      | Killed Psyche
  4262 | D:9      | You fall through a shaft!
  4262 | D:10     | Entered Level 10 of the Dungeon
  4293 | D:10     | Reached skill level 19 in Earth Magic
  4338 | D:10     | Learned a level 4 spell: Petrify
  4385 | D:10     | Reached skill level 1 in Transmutations
  4394 | D:10     | Noticed a two-headed ogre
  4488 | D:10     | Reached *** piety under Makhleb
  4488 | D:10     | Reached skill level 3 in Stealth
  4488 | D:10     | Reached skill level 2 in Transmutations
  4515 | D:10     | HP: 18/75 [two-headed ogre/+0 giant club (10)]
  4534 | D:10     | HP: 7/75 [two-headed ogre/+0 giant club (11)]
  4535 | D:10     | Slain by a two-headed ogre

Skill      XL: |  1  2  3  4  5  6  7  8  9 10 |
---------------+-------------------------------+-----
Spellcasting   | 2 |  2.5
Earth Magic    | 5 6 7 8 10 12 15 17 19 | 19.2
Transmutations | 2 |  2.0
Stealth        | 3 |  3.1
Dodging        | |  2.1

Action                   |  1- 3 |  4- 6 |  7- 9 | 10-12 || total
-------------------------+-------+-------+-------+-------++-------
Melee: Unarmed           |     6 |       |       |       ||     6
       Dagger            |     7 |    13 |    82 |    58 ||   160
 Cast: Sandblast         |    37 |    66 |    86 |    48 ||   237
       Passwall          |     8 |    17 |     7 |       ||    32
       Petrify           |       |       |       |     5 ||     5
       Lee's Rapid Decon |       |       |       |     2 ||     2
 Abil: Heal Wounds       |       |     2 |     1 |       ||     3
Evoke: Wand              |       |       |       |     4 ||     4
  Use: Potion            |     1 |     3 |     4 |     1 ||     9
       Scroll            |       |       |     5 |       ||     5
 Stab: Sleeping          |       |     1 |     1 |       ||     2
       Petrified         |       |       |       |     5 ||     5
       Petrifying        |       |       |       |     1 ||     1
  Eat: Chunk             |       |     7 |     5 |     1 ||    13
       Ration            |       |       |       |     3 ||     3
Armor: Robe              |     8 |     4 |       |       ||    12
       Leather armour    |       |     4 |     8 |       ||    12
       Scale mail        |       |       |    46 |   114 ||   160
       Skin              |       |       |    21 |       ||    21
Dodge: Dodged            |    14 |    22 |    64 |    98 ||   198

Levels and vault maps discovered:
D:1:      dpeg_arrival_solitude, layout_basic
D:2:      layout_basic, kennysheep_generic_room_3
D:3:      layout_basic, minitemple, first_ration, uniq_sigmund
D:4:      layout_rooms, st_stairs_9, grunt_dithmenos_smoke_and_mirrors
D:5:      layout_loops_ring, kennysheep_little_box, kennysheep_mini,
          gammafunk_temple_overflow_wave, serial_shops,
          nicolae_shop_behind_doors
D:6:      layout_loops_ring, nemelex_spade_bored_becter
D:7:      layout_basic, minmay_temple_entry_antechambers, serial_shops, shop,
          shop, shop, minmay_fire_ice_demons, uniq_joseph, uniq_prince_ribbit1
D:8:      layout_basic, trog_butcher_becter
D:9:      layout_cave_pods, dpeg_oklobed_lair, uniq_psyche, uniq_grum,
          uniq_erolcha
D:10:     layout_cave_pods

Table legend:
 A = Turns spent in this place as a percentage of turns spent in the entire game.
 B = Non-inter-level travel turns spent in this place as a percentage of non-inter-level travel turns spent in the entire game.
 C = Inter-level travel turns spent in this place as a percentage of turns spent in this place.
 D = Turns resting spent in this place as a percentage of non-inter-level travel turns spent in this place.
 E = Turns spent auto-exploring this place as a percentage of non-inter-level travel turns spent in this place.
 F = Non-inter-level travel turns spent in this place divided by the number of levels of this place that you've seen.
                   A       B       C       D       E      F
               +-------+-------+-------+-------+-------+----------------------
         Total | 100.0 | 100.0 |   0.0 |   0.2 |   0.0 | 453.5
       Dungeon | 100.0 | 100.0 |   0.0 |   0.2 |   0.0 | 453.5
               +-------+-------+-------+-------+-------+----------------------

Table legend:
 A = Kills in this place as a percentage of kills in entire the game.
 B = Kills by you in this place as a percentage of kills by you in the entire game.
 C = Kills by friends in this place as a percentage of kills by friends in the entire game.
 D = Other kills in this place as a percentage of other kills in the entire game.
 E = Experience gained in this place as a percentage of experience gained in the entire game.
 F = Experience gained in this place divided by the number of levels of this place that you have seen.
                   A       B       C       D       E      F
               +-------+-------+-------+-------+-------+----------------------
         Total | 100.0 | 100.0 | 100.0 |   N/A | 100.0 | 949.4
       Dungeon | 100.0 | 100.0 | 100.0 |   N/A | 100.0 | 949.4
               +-------+-------+-------+-------+-------+----------------------
